Map: New Repugnancy LE

Players

Mez

  • Race: Terran Terran
  • League: Master
  • Spawn Location: 7:00

Sentinel - Winner!

  • Race: Terran Terran
  • League: Master
  • Spawn Location: 1:00

VOD

Have the link to the VOD?

Description

Time

  • Played on: Aug. 6, 2019, 4:38 p.m.
  • Length: 16:35
Show
View Real Time Build Order
Export as new Build Order

Mez Terran 

Build Orders: Gas First Reaper Expand 

Get SALT Encoding   

  12  0:01  SCV  
  13  0:13  SCV  
  14  0:17  Supply Depot  
  14  0:25  SCV  
  15  0:32  Refinery  
  15  0:39  SCV  
  16  0:45  Barracks  
  16  0:51  SCV  
  17  1:03  SCV  
  18  1:15  SCV  
  19  1:33  Reaper  
  19  1:34  Orbital Command  
  20  1:43  Command Center  
  20  1:53  Factory  
  20  2:00  SCV  
  21  2:06  Supply Depot  
  21  2:10  Barracks Reactor  
  21  2:14  Refinery  
  21  2:17  SCV  
  22  2:29  SCV  
  22  2:38  Hellion  
  22  2:42  SCV  
  22  2:44  Starport  
  25  2:47  Marine x2  
  27  2:54  SCV  
  27  2:55  Orbital Command  
  28  3:00  Factory Tech Lab  
  28  3:06  SCV  
  28  3:09  Refinery, Marine  
  28  3:10  Marine  
  31  3:20  SCV  
  31  3:21  SCV  
  32  3:33  Cyclone, SCV x2, Starport Tech Lab  
  36  3:38  Marine x2  
  38  3:45  SCV  
  39  3:53  Supply Depot  
  35  4:00  Marine x2  
  32  4:13  Raven  
  32  4:15  Cyclone  
  32  4:16  SCV  
  38  4:17  SCV  
  38  4:18  Marine x2  
  41  4:30  SCV x2  
  43  4:38  Marine x2  
  43  4:45  Command Center  
  45  4:53  SCV x2  
  45  4:54  Supply Depot  
  45  4:56  Raven  
  49  5:02  Siege Tank  
  49  5:05  SCV  
  49  5:06  SCV  
  54  5:15  Marine x2  
  54  5:19  Supply Depot  
  54  5:21  SCV x2  
  58  5:31  Barracks  
  58  5:32  Barracks  
  58  5:33  SCV  
  59  5:39  Raven  
  61  5:46  Siege Tank, SCV x2  
  66  5:55  Engineering Bay  
  66  5:56  Engineering Bay  
  66  5:58  SCV  
  66  5:59  SCV  
  66  6:01  Orbital Command  
  68  6:10  SCV  
  68  6:11  SCV  
  70  6:18  Refinery  
  71  6:19  Barracks Reactor  
  71  6:21  Barracks Reactor  
  71  6:22  Siege Tank  
  71  6:23  SCV x2  
  75  6:31  Orbital Command  
  75  6:35  SCV x2  
  77  6:42  Viking x2  
  77  6:43  Marine  
  77  6:46  Terran Infantry Armor Level 1, Terran Infantry Weapons Level 1  
  82  6:47  SCV x2  
  84  6:55  Supply Depot  
  84  6:56  SCV, Supply Depot  
  84  6:59  SCV x2  
  87  7:01  Marine x2  
  87  7:02  Marine x2  
  91  7:11  Barracks  
  91  7:13  Barracks  
  91  7:16  Siege Tank  
  91  7:19  Marine x3  
  91  7:21  Marine  
  91  7:22  Marine  
  99  7:23  SCV x2  
  99  7:24  SCV  
  102  7:35  SCV x2  
  104  7:37  Marine x2  
  106  7:49  Marine x3  
  109  7:57  Supply Depot  
  109  7:58  Siege Tank, Armory, Medivac x2  
  116  7:59  Supply Depot  
  116  8:01  Refinery  
  116  8:02  Barracks Reactor x2  
  116  8:03  Command Center  
  116  8:05  SCV  
  117  8:06  Marine  
  117  8:07  SCV  
  117  8:08  SCV  
  110  8:32  Viking x2  
  112  8:43  Marine x7  
  112  8:44  SCV, Marine x2  
  112  8:45  Siege Tank, SCV x2  
  112  8:46  Terran Infantry Armor Level 2, Terran Infantry Weapons Level 2  
  127  8:49  Factory, Refinery  
  127  8:54  Stimpack  
  127  8:56  SCV  
  127  8:57  SCV  
  129  9:09  Marine x3  
  113  9:10  Marine x6  
  119  9:20  Viking x2  
  123  9:26  Siege Tank  
  123  9:27  Marine x3  
  129  9:33  Sensor Tower  
  129  9:37  Marine x6, Factory Tech Lab  
  135  9:42  Sensor Tower  
  135  9:43  SCV x3  
  135  9:45  Marine x3  
  139  9:46  Supply Depot  
  139  9:48  Supply Depot  
  141  9:55  SCV, Marine  
  135  10:18  Marine x4  
  135  10:19  Marine x5  
  135  10:20  Viking x2  
  135  10:21  Siege Tank x2  
  146  10:36  Marine  
  146  10:39  Starport  
  146  10:41  Barracks  
  145  10:43  Barracks  
  145  10:44  Barracks  
  145  10:50  Marine x8  
  145  10:53  Viking x2, Siege Tank  
  145  10:54  Combat Shield, Marine  
  161  11:08  Marine x2  
  161  11:09  Marine  
  164  11:13  Command Center  
  164  11:15  Supply Depot  
  164  11:17  Supply Depot  
  164  11:19  Supply Depot  
  164  11:37  Siege Tank, Marine x4  
  164  11:39  Viking x2, Siege Tank, Marine  
  180  11:40  Marine  
  180  11:44  Barracks Reactor  
  180  11:45  Barracks Reactor x2  
  180  11:51  Barracks Reactor  
  138  12:10  Marine x7  
  116  12:28  Marine x7  
  121  12:30  Marine x2  
  121  12:33  Marine x2  
  125  12:43  Marine  
  126  12:45  Marine, Factory Tech Lab  
  126  12:46  Marine x8  
  126  12:48  Marine x2  
  126  12:49  Marine  
  126  12:50  Siege Tank  
  126  12:51  Marine x2  
  132  12:52  Medivac x2  
  133  13:01  Marine  
  133  13:03  Marine x2  
  133  13:04  Marine x2  
  136  13:12  Marine x2  
  136  13:13  Marine x7  
  144  13:26  Marine x6  
  146  13:27  Siege Tank x2  
  146  13:30  Marine x3  
  152  13:38  Marine x6  
  135  13:44  Marine x4  
  135  13:47  Marine x2  
  135  13:48  Marine x3  
  141  13:55  Marine  
  141  13:56  Marine x4  
  141  13:59  Siege Tank x2  
  149  14:07  Marine x2  
  147  14:10  Marine x2  
  147  14:13  Marine x2  
  150  14:28  Marine x9  
  159  14:31  Siege Tank x2  
  160  14:46  Marine x2  
  160  14:47  Marine x5  
  160  14:52  Marine  
  168  15:00  Marine x6, Orbital Command  
  152  15:22  Marine x7  
  147  15:32  Marine x4  
  152  15:39  Marine  
  152  15:40  Siege Tank  
  142  15:58  Marine x8  
Show
View Real Time Build Order
Export as new Build Order

Sentinel Terran - Winner!

Build Orders:  

Get SALT Encoding   

  12  0:00  SCV  
  13  0:12  SCV  
  14  0:17  Supply Depot  
  14  0:24  SCV  
  14  0:28  Refinery  
  15  0:38  SCV  
  16  0:45  Barracks  
  16  0:50  SCV  
  17  0:57  Refinery  
  17  1:03  SCV  
  18  1:15  SCV  
  19  1:32  Reaper, Orbital Command  
  20  1:36  Factory  
  20  1:47  Supply Depot  
  20  1:58  SCV  
  21  2:04  Reaper  
  22  2:14  SCV  
  23  2:26  SCV  
  23  2:27  Hellion  
  26  2:32  Command Center  
  26  2:37  Reaper  
  27  2:45  Starport  
  27  2:46  SCV  
  30  2:51  Hellion  
  30  2:55  Supply Depot  
  30  3:04  SCV  
  31  3:23  Barracks Tech Lab  
  31  3:28  SCV  
  31  3:31  Factory Tech Lab  
  32  3:40  SCV  
  33  3:45  Orbital Command  
  33  3:47  Refinery  
  33  3:52  SCV  
  34  4:04  SCV  
  32  4:11  SCV  
  32  4:14  Cyclone  
  32  4:15  Raven  
  32  4:16  SCV  
  38  4:21  Command Center  
  38  4:23  SCV  
  39  4:25  Barracks Reactor  
  39  4:28  SCV  
  40  4:35  SCV  
  41  4:41  Barracks  
  41  4:42  SCV  
  41  4:44  Barracks  
  42  4:46  Siege Tank  
  42  4:47  SCV  
  46  4:54  SCV  
  47  5:00  Supply Depot  
  47  5:01  Raven  
  47  5:02  Marine x2  
  47  5:04  SCV  
  47  5:06  SCV  
  53  5:12  Refinery  
  53  5:15  Engineering Bay  
  53  5:16  Engineering Bay, SCV  
  54  5:22  SCV  
  55  5:28  SCV  
  55  5:31  Barracks Reactor, Barracks Tech Lab  
  55  5:35  Orbital Command  
  56  5:39  Siege Tank  
  56  5:40  Barracks x2  
  56  5:42  SCV  
  60  5:43  SCV  
  61  5:52  Combat Shield  
  61  5:53  Stimpack  
  61  5:54  SCV  
  61  5:55  SCV  
  63  6:00  Terran Infantry Armor Level 1, Terran Infantry Weapons Level 1  
  63  6:01  SCV  
  64  6:06  SCV  
  64  6:07  SCV  
  64  6:10  Viking  
  68  6:12  Viking  
  68  6:13  SCV  
  68  6:15  Marine x2  
  68  6:18  SCV  
  75  6:22  Supply Depot  
  75  6:24  Orbital Command  
  75  6:25  SCV, Supply Depot  
  76  6:31  Barracks Reactor x2  
  75  6:42  Viking  
  75  6:43  Viking  
  79  6:47  Supply Depot  
  79  6:49  SCV x3  
  79  6:51  Armory  
  82  7:01  Sensor Tower, SCV x3  
  84  7:03  Marine  
  84  7:04  Marine x3  
  89  7:13  SCV  
  89  7:14  Marine x3  
  89  7:15  Marine  
  94  7:17  Viking  
  94  7:20  SCV x2  
  94  7:21  Marine x2  
  94  7:22  Marine  
  101  7:24  Marine  
  101  7:28  Refinery  
  101  7:37  Supply Depot  
  101  7:38  Siege Tank, SCV, Marine x4, Supply Depot  
  109  7:50  Sensor Tower  
  109  7:58  SCV x2, Marine x6  
  109  7:59  Marine  
  109  8:00  Supply Depot  
  109  8:01  Marine, Supply Depot  
  109  8:03  Supply Depot  
  109  8:04  Supply Depot  
  109  8:05  Terran Infantry Armor Level 2, Terran Infantry Weapons Level 2  
  119  8:07  Terran Vehicle Weapons Level 1  
  119  8:10  Factory, SCV x2  
  111  8:32  Marine  
  111  8:33  Marine x7  
  111  8:34  Siege Tank, Medivac x2  
  118  8:49  Refinery  
  118  8:50  Marine  
  118  8:51  Marine x2  
  118  8:52  SCV x3  
  118  8:55  Marine x2  
  126  8:56  Factory Tech Lab  
  126  9:04  SCV x3  
  121  9:14  Refinery  
  121  9:16  SCV x2  
  122  9:20  Marine x5  
  127  9:27  Marine x2, Medivac x2  
  127  9:28  Siege Tank x2  
  127  9:30  Marine  
  127  9:31  SCV  
  141  9:38  Marine x2  
  142  9:40  Marine x3  
  142  9:44  Marine  
  147  9:54  Marine  
  147  9:55  Marine  
  147  9:56  Marine x2  
  147  9:58  Marine  
  149  10:07  Marine x3  
  149  10:08  Siege Tank  
  149  10:12  Marine  
  149  10:13  Marine  
  149  10:14  Command Center  
  157  10:31  Terran Infantry Weapons Level 3, Terran Vehicle Weapons Level 2, Supply Depot  
  157  10:32  Supply Depot  
  157  10:35  Supply Depot  
  157  10:36  Marine x4  
  157  10:37  Siege Tank  
  164  10:52  Supply Depot  
  164  10:53  Siege Tank, Supply Depot  
  164  10:54  Supply Depot  
  164  10:55  Supply Depot  
  167  11:00  Viking  
  167  11:01  Viking  
  171  11:07  Marine x8  
  171  11:09  Siege Tank  
  182  11:40  Refinery  
  182  11:43  Refinery  
  182  11:53  Sensor Tower  
  182  11:54  Missile Turret  
  165  12:11  Marine x8  
  165  12:12  Siege Tank x2  
  168  12:21  SCV x2  
  168  12:29  Marine x3  
  167  12:36  Marine x5  
  172  12:41  Terran Infantry Armor Level 3  
  172  12:42  Barracks x2  
  172  12:44  Barracks  
  170  12:47  Marine x3  
  147  13:02  Marine  
  147  13:03  Marine x4  
  147  13:04  Siege Tank x2, Marine  
  147  13:05  Marine x2  
  155  13:17  Factory  
  155  13:20  Marine x5  
  155  13:21  Viking x2  
  155  13:22  Marine  
  155  13:23  Marine x2  
  161  13:38  Marine x8  
  161  13:40  Marine x3  
  143  13:55  Marine  
  143  13:56  Marine x7  
  143  13:58  Marine x3  
  154  14:09  Siege Tank  
  154  14:11  Siege Tank  
  154  14:13  Marine x3  
  154  14:14  Marine x3  
  163  14:21  Starport  
  163  14:22  Starport  
  163  14:28  Planetary Fortress  
  161  14:41  Siege Tank  
  137  15:07  Command Center  
  136  15:19  Marine x3  
  136  15:20  Marine x2  
  136  15:21  Marine x4  
  142  15:22  Medivac x2  
  144  15:37  Marine x4  
  144  15:38  Marine x5  
  152  15:54  Siege Tank x2  
  152  15:55  Marine x4  
  152  15:56  Marine x5  
  161  16:02  Orbital Command  
  159  16:13  Marine x4  
  159  16:14  Marine x4  
Tags
 
Add a new tag
Caveats
  • Supply blocks, unpowered buildings, or Contaminate may cause inaccurate times.
  • Supply counts are checked every 10 seconds.